 Dungeon Crawl Stone Soup version 0.30.1 (webtiles) character file.

Game seed: 5951532875696235851

2732 monsoonserge the Fighter (level 9, -3/89 HPs)
             Began as a Minotaur Fighter on July 9, 2023.
             Was an Initiate of Gozag.
             Collided with a rock wall (17 damage)
             ... caused by Erica
             ... on level 8 of the Dungeon.
             The game lasted 00:15:33 (5240 turns).

monsoonserge the Fighter (Minotaur Fighter)         Turns: 5240, Time: 00:15:34

Health: -3/89      AC: 15    Str: 38    XL:     9   Next: 40%
Magic:  8/8        EV: 12    Int:  5    God:    Gozag
Gold:   442        SH:  4    Dex:  9    Spells: 8/8 levels left

rFire   . . .        E - +3 morningstar
rCold   . . .        c - +0 buckler
rNeg    + + .        l - +2 ring mail of Crawling {Contam rPois rN++ Will+}
rPois   +            m - +2 hat
rElec   .            (no cloak)
rCorr   .            i - +2 pair of gloves
SInv    .            y - +0 pair of boots
Will    +....        (no amulet)
Stlth   +            w - +6 ring of strength
HPRegen 0.34/turn    B - +6 ring of strength
MPRegen 0.11/turn

%: no passive effects
@: slowed, very slow
A: horns 2, retaliatory headbutt
a: Renounce Religion, Potion Petition, Call Merchant, Bribe Branch


You were on level 8 of the Dungeon.
You worshipped Gozag.
Gozag was aware of your devotion.
You visited 2 branches of the dungeon, and saw 9 of its levels.

You collected 551 gold pieces.
You paid 109 gold pieces to Gozag.

Inventory:

Hand Weapons
 x - a +0 battleaxe
 E - a +3 morningstar (weapon)
Missiles
 v - a boomerang
 C - 21 poisoned darts (quivered)
Armour
 c - a +0 buckler (worn)
 i - a +2 pair of gloves (worn)
 l - the +2 ring mail of Crawling (worn) {Contam rPois rN++ Will+}
   (You found it on level 2 of the Dungeon)

   rPois:     It protects you from poison.
   rN:        It greatly protects you from negative energy.
   Contam:    It causes magical contamination when unequipped.
   Will:      It increases your willpower.
 m - a +2 hat (worn)
 y - a +0 pair of boots (worn)
Jewellery
 w - a +6 ring of strength (left hand)
 B - a +6 ring of strength (right hand)
Wands
 G - a wand of polymorph (6)
Scrolls
 e - a scroll of magic mapping {unknown}
 g - a scroll of enchant armour {unknown}
 j - 5 scrolls of identify {unknown}
 k - 6 scrolls of teleportation {unknown}
 n - a scroll of amnesia {unknown}
 o - a scroll of vulnerability {unknown}
 r - 2 scrolls of poison {unknown}
 s - a scroll of fog {unknown}
 D - a scroll of torment {unknown}
 F - 2 scrolls of fear {unknown}
Potions
 a - a potion of lignification {unknown}
 b - 4 potions of curing {unknown}
 d - a potion of might
 f - 7 potions of heal wounds {unknown}
 h - 5 potions of attraction {unknown}
 p - a potion of magic {unknown}
 q - 2 potions of brilliance {unknown}
 t - a potion of berserk rage {unknown}
 u - a potion of cancellation {unknown}
 z - 2 potions of ambrosia {unknown}
 A - a potion of flight {unknown}


   Skills:
 * Level 11.2 Fighting
 - Level 5.0(5.1) Axes
 + Level 1.8(3.6) Maces & Flails
 + Level 2.3 Throwing
 + Level 7.9 Armour
 + Level 5.3 Dodging
 + Level 1.1 Stealth
 + Level 4.0 Shields


You had 8 spell levels left.
You didn't know any spells.
Your spell library contained the following spells:

 Spells                   Type           Power      Damage    Failure   Level
 Ensorcelled Hibernation  Hex/Ice        0%         N/A       75%         2
 Passwall                 Tmut/Erth      0%         N/A       75%         2
 Scorch                   Fire           0%         2d5       75%         2
 Swiftness                Air            0%         N/A       93%         3
 Flame Wave               Conj/Fire      0%         2d4       100%        4
 Summon Cactus Giant      Summ           0%         N/A       100%        6


Dungeon Overview and Level Annotations

Branches:
Dungeon (8/15)             Temple (1/1) D:6
   Lair: D:8-11

Altars:
Ashenzari
Cheibriados
Dithmenos
Elyvilon
Fedhas
Gozag
Kikubaaqudgha
Makhleb
Nemelex Xobeh
Okawaru
Qazlal
Ru
Sif Muna
Trog
Uskayaw
Vehumet
Wu Jian
Yredelemnul
Zin
The Shining One

Shops:
D:2 *

Annotations:
D:8 Erica


Innate Abilities, Weirdness & Mutations

You have a pair of horns on your head.
You reflexively headbutt those who attack you in melee.


Message History

A hornet comes into view.
Something hits you but does no damage.
The hornet moves out of view.
You miss something. Your headbutt misses something.
You hear some strange, mumbled words.
A lance of force appears from out of thin air!
The lance of force hits you but does no damage.
Something hits you but does no damage.
You barely miss something. Your headbutt misses something. Something hits you.
Something burns you.
You miss something. Something hits you! Something burns you.
You hear some strange, mumbled words.
A lance of force appears from out of thin air!
The lance of force misses you. Something hits you. Something burns you.
You miss something. Your headbutt misses something. Something hits you.
Something burns you.
You barely miss something. You headbutt something!
You hear some strange, mumbled words.
Something tries to affect you, but you resist.
Something hits you. Something burns you.
You barely miss something.
Erica appears from thin air!
Reactivating autopickup.
Erica hits you but does no damage.
Erica casts a spell.
Erica flickers and vanishes!
Deactivating autopickup; reactivate with Ctrl-A.
You hit something. Your headbutt misses something. Something hits you!
Something burns you. Something hits you. Something burns you.
You closely miss something. Your headbutt misses something. Something hits you!
Something burns you.
* * * LOW HITPOINT WARNING * * *
Something hits you but does no damage.
You closely miss something. Your headbutt misses something.
You hear some strange, mumbled words.
A lance of force appears from out of thin air!
The lance of force hits you!
* * * LOW HITPOINT WARNING * * *
You are knocked back by the lance of force.
You slam into the rock wall!
You die...
Your body crumbles into a pile of gold.

#....#..........#
#....#..........#
###..$..#........#
#.......#........#
##...#..#........#
##..##..........#
###....{.......#
#....#.......#
##.....@#....#
#......##...#
#####.......#..##
###.#............#
#.#.#...........###
##..................
#.......>...........
#.....##.#......##..
####.##..#......# .#


There were no monsters in sight!

Vanquished Creatures
  Eustachio (D:6)
  A steam dragon (D:6)
  Menkaure (D:5)
  2 ice beasts
  4 black bears
  3 ogres
  A centaur (D:6)
  4 phantoms
  A kobold brigand (D:6)
  3 scorpions
  3 wights (D:6)
  A killer bee (D:8)
  4 hounds
  3 jellies
  4 orc priests
  2 orc wizards (D:7)
  6 iguanas
  4 adders
  A shadow imp (D:7)
  2 white imps
  3 worms
  2 dart slugs
  14 orcs
  11 endoplasms
  A giant cockroach (D:3)
  11 goblins
  13 hobgoblins
  7 jackals
  6 quokkas
  9 ball pythons
  6 bats
  2 frilled lizards
  14 kobolds
  4 rats
  A butterfly (D:6)
155 creatures vanquished.

Notes
Turn   | Place    | Note
-------+----------+-------------------------------------------
     0 | D:1      | monsoonserge the Minotaur Fighter began the quest for the
                  | Orb.
     0 | D:1      | Reached XP level 1. HP: 19/19 MP: 0/0
   124 | D:1      | Reached XP level 2. HP: 27/27 MP: 1/1
   153 | D:1      | Reached skill level 4 in Fighting
   561 | D:1      | Reached XP level 3. HP: 30/33 MP: 2/2
   627 | D:2      | Identified the +2 ring mail of Crawling {Contam rPois rN++
                  | Will+}
  1067 | D:2      | Found Utisav Asats's General Store.
  1216 | D:3      | Reached XP level 4. HP: 41/41 MP: 3/3
  1435 | D:3      | Reached skill level 5 in Fighting
  1435 | D:3      | Reached skill level 1 in Dodging
  1435 | D:3      | Reached XP level 5. HP: 24/48 MP: 4/4
  1678 | D:4      | Noticed an ogre
  1697 | D:4      | Noticed an ogre
  1815 | D:3      | Killed an ogre
  1816 | D:3      | Reached skill level 5 in Armour
  1816 | D:3      | Reached XP level 6. HP: 57/57 MP: 5/5
  1904 | D:4      | Reached skill level 6 in Fighting
  1939 | D:4      | Reached XP level 7. HP: 24/64 MP: 6/6
  2543 | D:5      | Entered Level 5 of the Dungeon
  2870 | D:5      | Reached skill level 7 in Fighting
  2951 | D:5      | Noticed Menkaure
  2959 | D:5      | Killed Menkaure
  2960 | D:5      | Reached skill level 1 in Throwing
  3116 | D:5      | Reached skill level 5 in Axes
  3116 | D:5      | Reached XP level 8. HP: 71/73 MP: 7/7
  3577 | D:5      | Reached skill level 8 in Fighting
  3655 | D:5      | Reached skill level 1 in Stealth
  3810 | D:6      | Noticed Eustachio
  3819 | D:6      | Reached skill level 9 in Fighting
  3832 | D:6      | Reached skill level 5 in Dodging
  3837 | D:6      | Killed Eustachio
  3991 | D:6      | Reached XP level 9. HP: 84/85 MP: 8/8
  4089 | D:6      | Reached skill level 10 in Fighting
  4343 | D:6      | Found a staircase to the Ecumenical Temple.
  4405 | Temple   | Entered the Ecumenical Temple
  4606 | Temple   | Became a worshipper of Gozag Ym Sagoz the Greedy
  4956 | D:7      | Reached skill level 1 in Maces & Flails
  5174 | D:8      | Reached skill level 11 in Fighting
  5219 | D:8      | Noticed Erica
  5240 | D:8      | Collided with a rock wall

Illustrated notes

Levels and vault maps discovered:
D:1:      scummos_arrival_simple_fountains, layout_loops_ring, minmay_3d_cube
D:2:      layout_rooms, serial_shops, shop, minmay_domino_4
D:3:      cheibrodos_pilgrimage, layout_rooms
D:4:      kb_forest_paths, layout_rooms
D:5:      black_bear_nest_2, layout_loops_corners, kennysheep_path_1,
          sigmund_army, uniq_menkaure
D:6:      layout_loops_corners, minmay_temple_entry_butterflies, uniq_eustachio
D:7:      minmay_angry_zag, layout_basic, serial_park_tiny_1,
          grunt_decor_one_mirror, minmay_misc_feat_square, uniq_prince_ribbit1
D:8:      layout_cave_pools, nicolae_hepliaklqana_hippocampus, uniq_erica,
          uniq_maurice
Temple:   nicolae_temple_slightly_damp_pantheon

Skill      XL: |  1  2  3  4  5  6  7  8  9 |
---------------+----------------------------+-----
Fighting       | 4 5 6 7 9 11 | 11.2
Shields        | 4 |  4.0
Axes           | 3 4 5 |  5.0
Armour         | 4 5 6 7 |  7.9
Dodging        | 1 2 3 5 |  5.3
Throwing       | 1 2 |  2.3
Stealth        | 1 |  1.1
Maces & Flails | 1 |  1.8

Action                     |  1- 3 |  4- 6 |  7- 9 || total
---------------------------+-------+-------+-------++-------
  Melee: War axe           |    76 |    68 |   125 ||   269
         Headbutt          |     9 |    12 |    29 ||    50
         Morningstar       |       |       |    68 ||    68
  Throw: Stone             |       |     8 |       ||     8
         Boomerang         |       |       |    10 ||    10
 Armour: Scale mail        |    23 |       |       ||    23
         Ring mail         |    25 |    46 |   111 ||   182
  Dodge: Dodged            |    39 |    44 |   130 ||   213
  Block: Buckler           |    16 |    12 |    35 ||    63
